 Dungeon Crawl Stone Soup version 0.29.1-13-g9f3cf754e1 (webtiles) character file.

Game seed: 8050916990806380031

30 tizbic2 the Poker (level 3, -1/31 HPs)
             Began as a Ghoul Monk on Jan 26, 2023.
             Was the Champion of Ignis.
             Slain by an orc
             ... wielding a +0 dagger
              (2 damage)
             ... on level 2 of the Dungeon.
             The game lasted 00:05:46 (1211 turns).

tizbic2 the Poker (Ghoul Monk)                      Turns: 1211, Time: 00:05:47

Health: -1/31      AC:  3    Str: 16    XL:     3   Next: 20%
Magic:  2/2        EV: 12    Int:  5    God:    Ignis [******]
Gold:   85         SH:  0    Dex: 11    Spells: 2/2 levels left

rFire   + . .      SeeInvis .   h - +1 hand axe (venom)
rCold   + . .      Faith    .   (no shield)
rNeg    + + +      Spirit   .   g - +0 leather armour
rPois   ∞          Reflect  .   (no helmet)
rElec   .          Harm     .   (no cloak)
rCorr   .          Rampage  .   (no gloves)
Will    .....                   (no boots)
Stlth   ++........              (no amulet)
HPRegen 0.00/turn               (no ring)
MPRegen 0.08/turn               (no ring)

@: inhibited regen
A: claws 1, cold resistance 1, negative energy resistance 3, inhibited
regeneration, torment resistance 2, devour on kill
a: Renounce Religion, Fiery Armour, Foxfire Swarm, Rising Flame


You were on level 2 of the Dungeon.
You worshipped Ignis.
Ignis was exalted by your worship.
You visited 1 branch of the dungeon, and saw 2 of its levels.

You collected 85 gold pieces.

Inventory:

Hand Weapons
 a - a +0 spear
 h - a +1 hand axe of venom (weapon)
Armour
 g - a +0 leather armour (worn)
Scrolls
 d - 2 scrolls of identify {unknown}
 i - a scroll of fear
Potions
 b - a potion of attraction {unknown}
 c - a potion of ambrosia
 e - 2 potions of curing {unknown}
 f - a potion of resistance {unknown}


   Skills:
 - Level 3.2 Fighting
 * Level 3.8 Polearms
 - Level 2.6 Dodging
 - Level 2.1 Stealth


You had 2 spell levels left.
You didn't know any spells.
Your spell library contained the following spells:

 Spells                   Type           Power      Damage    Failure   Level
 Slow                     Hex            0%         N/A       54%         1
 Confusing Touch          Hex            0%         N/A       89%         3
 Vampiric Draining        Necr           0%         2d6       89%         3


Dungeon Overview and Level Annotations

Branches:
Dungeon (2/15)

Altars:
Ignis

Shops:
D:1 [


Innate Abilities, Weirdness & Mutations

You are immune to poison.
You have sharp fingernails.
Your flesh is cold resistant. (rC+)
You are immune to negative energy. (rN+++)
You do not regenerate when monsters are visible.
You are immune to unholy pain and torment.
You thrive by killing the living.


Message History

You slash the frilled lizard!
You kill the frilled lizard!
You bump into the rock wall.
The orc wizard casts a spell at you.
You are more confused.
A rat comes into view.
You miss the orc. You hit the orc wizard.
The orc wizard hits you with a +0 dagger.
The orc hits you but does no damage.
You miss the orc. You miss the orc wizard. The orc wizard casts a spell at you.
The puff of flame hits you. You resist. The orc closely misses you.
You hit the orc wizard.
The orc wizard is heavily wounded.
You closely miss the orc. The orc hits you but does no damage.
The orc wizard barely misses you. The orc hits you with a +0 dagger.
You bump into the rock wall.
The orc wizard points at you and mumbles some strange words.
You resist with significant effort. The orc barely misses you.
The orc hits you with a +0 whip.
You bump into the rock wall.
You feel less confused.
The orc wizard hits you with a +0 dagger.
The orc hits you but does no damage. x2
You closely miss the orc. You hit the orc wizard.
The orc wizard is poisoned.
You barely miss the orc. The orc wizard misses you.
The orc hits you with a +0 dagger. The orc hits you with a +0 whip.
The orc hits you but does no damage. The orc closely misses you.
The orc wizard gestures at you while chanting.
The magic dart hits you!
* * * LOW HITPOINT WARNING * * *
You closely miss the orc wizard.
The orc wizard is severely wounded.
You closely miss the orc. You hit the orc.
A bat comes into view.
The orc wizard casts a spell at you. The magic dart hits you!
* * * LOW HITPOINT WARNING * * *
The orc hits you with a +0 dagger.
You die...

#########
#.......############
#.#####............#
.................#.#
#.##############.#.#
#.# #.#.# #.#
###@#.# #<. #.ooo.#
### #.#r### .?.#.#
#... ..# ........#
......... #b......#
...[.##


You could see an orc wizard (very poisoned), 2 orcs, a bat and a rat.

Vanquished Creatures
  4 ball pythons (D:1)
  An endoplasm (D:1)
  A giant cockroach (D:1)
  3 hobgoblins (D:1)
  2 quokkas (D:1)
  2 bats
  7 frilled lizards
  4 goblins
  6 kobolds
  A rat (D:1)
31 creatures vanquished.

Vanquished Creatures (others)
  A fungus (D:1)
  A plant (D:1)
2 creatures vanquished.

Grand Total: 33 creatures vanquished

Notes
Turn   | Place    | Note
-------+----------+-------------------------------------------
     0 | D:1      | tizbic2 the Ghoul Monk began the quest for the Orb.
     0 | D:1      | Reached XP level 1. HP: 19/19 MP: 0/0
   252 | D:1      | Reached XP level 2. HP: 19/26 MP: 1/1
   349 | D:1      | Found Worisieg's Antique Armour Shop.
   769 | D:1      | Reached XP level 3. HP: 30/31 MP: 2/2
   891 | D:1      | Found a faded altar of an unknown god.
   896 | D:1      | Prayed at the altar of an unknown god.
   896 | D:1      | Became a worshipper of Ignis, the Dying Flame
   896 | D:1      | Reached ****** piety under Ignis
  1211 | D:2      | HP: 1/31 [orc wizard/magic dart (8)]
  1211 | D:2      | Slain by an orc

Illustrated notes

Levels and vault maps discovered:
D:1:      lemuel_arrival_muddy, layout_basic, serial_shops, shop_statue,
          shapermc_ecumenical_altar_petra
D:2:      layout_loops_ring

Skill      XL: |  1 |
---------------+----+-----
Polearms       | 3 |  3.8
Fighting       | |  3.2
Dodging        | |  2.6
Stealth        | |  2.1

Action                   || total
-------------------------++-------
Melee: Spear             ||    85
       Hand axe          ||    21
       Punch             ||     1
  Use: Scroll            ||     1
Armor: Robe              ||     7
       Leather armour    ||    11
Dodge: Dodged            ||    62
